 Dungeon Crawl Stone Soup version 0.25-a0-597-gb30770a0c0 (webtiles) character file.

Game seed: 15332555404959336028, levelgen mode: deterministic

125 Aggronaut the Slasher (level 4, -1/35 HPs)
             Began as a Demonspawn Monk on Mar 12, 2020.
             Slain by an orc
             ... wielding a +0 short sword
              (2 damage)
             ... on level 3 of the Dungeon on Mar 15, 2020.
             The game lasted 00:06:25 (3285 turns).

Aggronaut the Slasher (Demonspawn Monk)             Turns: 3285, Time: 00:06:26

Health: -1/35      AC:  5    Str: 12    XL:     4   Next: 82%
Magic:  4/4        EV: 14    Int: 12    God:
Gold:   119        SH:  0    Dex: 15    Spells: 3/3 levels left

rFire    . . .     SeeInvis .   a - +0 falchion
rCold    . . .     Gourm    .   (no shield)
rNeg     . . .     Faith    .   d - +1 leather armour
rPois    .         Spirit   .   (no helmet)
rElec    .         Reflect  .   m - +0 cloak
rCorr    .         Harm     .   (no gloves)
MR       .....                  (no boots)
Stlth    ++........             (no amulet)
HPRegen  0.11/turn              g - +1 ring of evasion
MPRegen  0.09/turn              (no ring)

@: mighty
A: powered by pain 1
a: no special abilities


You were on level 3 of the Dungeon.
You were near starving.

You visited 1 branch of the dungeon, and saw 3 of its levels.

You collected 119 gold pieces.

Inventory:

Hand Weapons
 a - a +0 falchion (weapon)
 h - a +1 hunting sling of flaming
Missiles
 b - 21 poisoned darts (quivered)
Armour
 d - a +1 leather armour (worn)
 m - a +0 cloak (worn)
Jewellery
 g - a +1 ring of evasion (left hand)
Scrolls
 e - a scroll of enchant armour
 i - a scroll of remove curse {unknown}
 l - a scroll of identify {unknown}
 n - a scroll of teleportation {unknown}
Potions
 j - a potion of experience {unknown}
 k - a potion of haste {unknown}
Comestibles
 c - 5 rations
 o - a chunk of flesh


   Skills:
 - Level 3.0 Fighting
 * Level 4.1 Long Blades
 + Level 3.4 Dodging
 + Level 2.9 Stealth


You had 3 spell levels left.
You didn't know any spells.
Your spell library was empty.

Dungeon Overview and Level Annotations

Branches:
Dungeon (3/15)

Altars:


Innate Abilities, Weirdness & Mutations

You sometimes gain a little power by taking damage.


Message History

The orc priest is almost dead.
Something hits you but does no damage.
The orc priest hits you but does no damage.
The orc closely misses you.
You hit the orc priest.
The orc priest is almost dead.
Something hits you but does no damage.
The orc priest calls down the wrath of Beogh upon you.
Pain shoots through your body! The orc barely misses you.
You closely miss the orc priest.
The orc priest is almost dead.
Something hits you but does no damage.
The orc priest calls down the wrath of Beogh upon you.
Pain shoots through your body!
* * * LOW HITPOINT WARNING * * *
The orc barely misses you.
You riposte.
You hit the orc but do no damage.
It was a potion of might.
You feel very mighty all of a sudden. Something hits you.
You die...

...............
.............
........... ##
..>..!... #.
....... #. o..?.
.. #. #.#o#
##...# #.
#.#@####....# #.
#.o{รท.##....# #.
###..(##....# #.
#...##....# #.
##......##### #.
#......'...#####.
#......###.....#.
#......# #|....#.
#......# #.....'.


You could see an orc priest and an orc.

Vanquished Creatures
  Crazy Yiuf (D:3)
  3 adders (D:2)
  An ooze (D:2)
  3 dart slugs
  3 leopard geckos (D:1)
  3 orcs (D:2)
  2 giant cockroaches (D:1)
  10 goblins
  2 hobgoblins
  2 jackals (D:1)
  6 kobolds
  2 quokkas
  A ball python (D:2)
  6 bats
  2 frilled lizards (D:1)
  8 rats
55 creatures vanquished.

Notes
Turn   | Place    | Note
-------+----------+-------------------------------------------
     0 | D:1      | Aggronaut the Demonspawn Monk began the quest for the Orb.
     0 | D:1      | Reached XP level 1. HP: 18/18 MP: 1/1
   133 | D:1      | Reached skill level 3 in Long Blades
   138 | D:1      | Gained mutation: You sometimes gain a little power by
                  | taking damage. [demonic ancestry]
   138 | D:1      | Reached XP level 2. HP: 4/24 MP: 2/2
   650 | D:1      | Reached XP level 3. HP: 19/29 MP: 3/3
  2213 | D:2      | Reached XP level 4. HP: 35/35 MP: 4/4
  2214 | D:2      | Upgraded the game from 0.25-a0-589-g1e14c549ee to
                  | 0.25-a0-597-gb30770a0c0
  3086 | D:3      | Found a runed translucent door.
  3087 | D:3      | Noticed Crazy Yiuf
  3097 | D:3      | Killed Crazy Yiuf
  3097 | D:3      | Reached skill level 4 in Long Blades
  3284 | D:3      | HP: 1/35 [orc priest/nerve-wracking pain (12)]
  3285 | D:3      | Slain by an orc

Levels and vault maps discovered:
D:1:      sevenhm_arrival_forest_fort_small_5, layout_loops_ring,
          corexii_hall_statues_u
D:2:      layout_basic, kennysheep_cross_bottleneck
D:3:      layout_basic, first_ration, minmay_misc_feat_tiny,
          uniq_crazy_yiuf_cottage

Skill      XL: |  1  2  3  4 |
---------------+-------------+-----
Stealth        | 2 |  2.9
Long Blades    | 3 4 |  4.1
Dodging        | 3 |  3.4
Fighting       | |  3.0

Action                   |  1- 3 |  4- 6 || total
-------------------------+-------+-------++-------
Melee: Falchion          |   117 |    58 ||   175
  Use: Scroll            |       |     1 ||     1
       Potion            |       |     1 ||     1
 Stab: Sleeping          |     5 |     1 ||     6
  Eat: Chunk             |     4 |     2 ||     6
Armor: Robe              |    12 |       ||    12
       Leather armour    |    11 |    18 ||    29
Dodge: Dodged            |   112 |    40 ||   152
       Rpst.: Falchion   |    42 |    12 ||    54

Table legend:
 A = Non-vault XP
 B = Vault XP
 C = Vault XP percentage of total XP
 D = Non-vault monster count
 E = Vault monster count
 F = Vault count percentage of total count
                 A         B        C        D         E       F
            +---------+---------+-------+---------+---------+-------
      Total |     139 |      40 |  22.3 |      54 |       1 |   1.8
            +---------+---------+-------+---------+---------+-------
        D:1 |      55 |       0 |   0.0 |      29 |       0 |   0.0
        D:2 |      76 |       0 |   0.0 |      19 |       0 |   0.0
        D:3 |       8 |      40 |  83.3 |       6 |       1 |  14.3
            +---------+---------+-------+---------+---------+-------
